 Dungeon Crawl Stone Soup version 0.28.0-1-gb440e238dd (webtiles) character file.

Game seed: 2682970170878043721

9 jjjjhere the Chopper (level 2, 0/26 HPs)
             Began as a Hill Orc Cinder Acolyte on Feb 21, 2022.
             Was a High Priest of Ignis.
             Slain by a kobold (4 damage)
             ... on level 1 of the Dungeon.
             The game lasted 00:00:34 (337 turns).

jjjjhere the Chopper (Hill Orc Cinder Acolyte)       Turns: 337, Time: 00:00:34

Health: 0/26       AC:  2    Str: 16    XL:     2   Next: 12%
Magic:  3/3        EV: 11    Int: 14    God:    Ignis [*****.]
Gold:   4          SH:  0    Dex: 12    Spells: 3/3 levels left

rFire   + . .      SeeInvis .   a - -1 hand axe (flame)
rCold   . . .      Faith    .   (no shield)
rNeg    . . .      Spirit   .   b - +0 robe
rPois   .          Reflect  .   (no helmet)
rElec   .          Harm     .   (no cloak)
rCorr   .          Rampage  .   (no gloves)
Will    .....                   (no boots)
Stlth   +.........              (no amulet)
HPRegen 0.08/turn               e - +6 ring of dexterity
MPRegen 0.08/turn               (no ring)

@: no status effects
A: no striking features
a: Renounce Religion, Fiery Armour, Foxfire Swarm, Rising Flame


You were on level 1 of the Dungeon.
You worshipped Ignis.
Ignis was extremely pleased with you.
You visited 1 branch of the dungeon, and saw 1 of its levels.

You collected 4 gold pieces.

Inventory:

Hand Weapons
 a - a -1 hand axe of flaming (weapon)
Armour
 b - a +0 robe (worn)
Jewellery
 e - a +6 ring of dexterity (left hand)
Scrolls
 c - a scroll of teleportation {unknown}
 d - a scroll of blinking {unknown}


   Skills:
 - Level 3.6 Fighting
 + Level 4.8 Axes
 - Level 1.0 Spellcasting
 - Level 3.2 Fire Magic


You had 3 spell levels left.
You didn't know any spells.
Your spell library contained the following spells:

 Spells                   Type           Power      Damage    Failure   Level
 Scorch                   Fire           18%        2d5       11%         2
 Blade Hands              Tmut           0%         N/A       100%        5
 Irradiate                Conj/Tmut      0%         3d13      100%        5
 Dragon Form              Tmut           0%         N/A       100%        7


Dungeon Overview and Level Annotations

Branches:
Dungeon (1/15)

Altars:


Message History

The bat is severely wounded.
The bat closely misses you.
You barely miss the bat.
The bat is severely wounded.
The bat misses you.
A goblin comes into view. It is wielding a +0 club.
The goblin shouts!
The bat barely misses you.
You barely miss the kobold. The bat hits you but does no damage.
The kobold hits you with a +0 short sword.
A ball python comes into view.
You are too injured to fight recklessly!
You are too injured to fight recklessly!
The bat misses you. The goblin hits you with a +0 club.
The ball python hisses angrily.
The bat closely misses you.
You slash the goblin! You burn the goblin.
You kill the goblin!
The bat hits you but does no damage. The bat barely misses you.
You hit the bat. You burn the bat.
You kill the bat!
You closely miss the kobold. The kobold misses you.
You closely miss the kobold.
The kobold hits you with a +0 short sword.
You barely miss the kobold.
The kobold hits you with a +0 short sword.
The kobold hits you but does no damage.
You hit the kobold but do no damage.
The kobold hits you with a +0 short sword.
The kobold barely misses you. The ball python bites you.
The ball python grabs you. The ball python constricts you.
You hit the kobold but do no damage. You barely miss the ball python.
The kobold hits you with a +0 short sword.
* * * LOW HITPOINT WARNING * * *
The ball python bites you.
* * * LOW HITPOINT WARNING * * *
The ball python constricts you.
You escape the ball python's grasp.
The kobold hits you with a +0 short sword.
You die...

###.#####.###.#
....#####..##.#
###.........#.#
#..#..≈≈≈.#.#
#..#..≈_≈.#.#
#..#..≈≈≈.#.#
###..##)....#.#
........#####.#####
##...##.......SK@.#
#.####.......###.#
#.# #..###### #.#
.#.# #..# #.# #####
#.≈# #.# #...#.#.≈#
#.# ###.#.#.≈# #.#
..#.#.#.≈# #.#
≈.#.#.#.≈# #.#


You could see a ball python and a kobold.

Vanquished Creatures
  A dart slug (D:1)
  A hobgoblin (D:1)
  A kobold (D:1)
  A ball python (D:1)
  A bat (D:1)
  2 goblins (D:1)
7 creatures vanquished.

Notes
Turn   | Place    | Note
-------+----------+-------------------------------------------
     0 | D:1      | jjjjhere the Hill Orc Cinder Acolyte began the quest for
                  | the Orb.
     0 | D:1      | Reached XP level 1. HP: 19/19 MP: 2/2
    75 | D:1      | Found a faded altar of an unknown god.
    84 | D:1      | Reached XP level 2. HP: 12/26 MP: 3/3
   325 | D:1      | HP: 5/26 [kobold (4)]
   337 | D:1      | Slain by a kobold

Illustrated notes

Levels and vault maps discovered:
D:1:      psy_arrival_radial02, layout_loops_ring,
          hellmonk_ecumenical_altar_pennies_from_heaven,
          minmay_misc_feat_square, hangedman_abyss_or_decor_lesser_grid

Action                   || total
-------------------------++-------
Melee: Hand axe          ||    31
Armor: Robe              ||    12
Dodge: Dodged            ||    28
